AoeStats
← [RZ] HardZeeiRa-BR

Arabia

508311871Analyzed
1v1 RM · 10d ago on Sep 21, 2026· 28m 42s· 2 players
Game mode
Random Map
Map size
Tiny (2 player)
Population
200
Speed
Normal
Resources
Standard
Victory
Conquest
Starting age
Dark Age
Ending age
Imperial Age
RankedLock teamsTeams togetherTeam positionsShared explorationLock speedFull tech treeHidden civsTurbo modeCheats
Victory
Defeat
🇧🇷 Lithuanians · Brazil
1138
+16
🇲🇽 Sicilians · Mexico
1148
-16
[RZ] HardZeeiRa-BR
5:29 Loom
5:43 Loom
9:01 Feudal Age
18:26 Fletching
27:31 Castle Age
27:12 Padded Archer Armor
27:47 Crossbowman
keitaro0610
5:56 Loom
9:07 Feudal Age
24:50 Fletching
Connection lost

Rejoining the realm…

Still unreachable

The connection could not be restored.

Session expired

The server has moved on; the page needs a fresh start.